 Dungeon Crawl Stone Soup version 0.22-a0-86-g94e0ad4 (webtiles) character file.

1936 KristoblXynda the Martial Artist (level 8, -2/59 HPs)
             Began as a Green Draconian Transmuter on Jan 21, 2018.
             Was a Follower of Ashenzari.
             Slain by a centaur (9 damage)
             ... on level 8 of the Dungeon.
             The game lasted 00:16:25 (9508 turns).

KristoblXynda the Martial Artist (DrTm)             Turns: 9508, Time: 00:16:26

Health: -2/59      AC:  9    Str: 13    XL:     8   Next: 97%
Magic:  11/11      EV: 13    Int: 14    God:    Ashenzari [*.....]
Gold:   370        SH:  0    Dex: 13    Spells: 7/11 levels left

rFire    . . .     SeeInvis .     - Unarmed
rCold    . . .     Gourm    .   (no shield)
rNeg     . . .     Faith    .   (armour unavailable)
rPois    +         Spirit   .   (helmet restricted)
rElec    .         Reflect  .   C - +0 cloak (curse)
rCorr    .         Harm     .   B - +0 pair of gloves (curse)
MR       .....                  y - +0 pair of boots (curse)
Stlth    ++........             (no amulet)
HPRegen  0.19/turn              e - ring of stealth (curse)
MPRegen  0.12/turn              u - ring of wizardry (curse)

@: appendage, drained
A: breathe noxious fumes, unfitting armour, horns 2, poison resistance,
cold-blooded, AC +6
a: Breathe Noxious Fumes, End Transformation, Curse Item, Scrying, Renounce
Religion


You were on level 8 of the Dungeon.
You worshipped Ashenzari.
Ashenzari was aware of your devotion.
You were not hungry.
You had grown temporary horns.
You visited 2 branches of the dungeon, and saw 9 of its levels.

You collected 370 gold pieces.

Inventory:

Hand Weapons
 a - a +3 dagger of venom
 A - the +8 whip of Ointment {flame, rC+}
   (You found it on level 7 of the Dungeon)

   It has been specially enchanted to burn those struck by it, causing extra
   injury to most foes and up to half again as much damage against particularly
   susceptible opponents.
   It protects you from cold.
Armour
 y - a cursed +0 pair of boots (worn)
 B - a cursed +0 pair of gloves (worn)
 C - a cursed +0 cloak (worn)
Jewellery
 e - a cursed ring of stealth (left hand)
 u - a cursed ring of wizardry (right hand)
Wands
 D - a wand of acid (6)
Scrolls
 d - 2 scrolls of noise {unknown}
 f - a scroll of teleportation
 i - 2 scrolls of enchant armour {unknown}
 j - 3 scrolls of remove curse
 k - 3 scrolls of blinking
 m - a scroll of fear {unknown}
 r - 2 scrolls of amnesia {unknown}
 s - a scroll of fog {unknown}
 z - 3 scrolls of enchant weapon
Potions
 g - a potion of lignification {unknown}
 h - a potion of curing
 l - a potion of haste {unknown}
 p - a potion of cancellation {unknown}
 t - 2 potions of flight
 v - 2 potions of brilliance
 w - a potion of resistance
 x - a potion of ambrosia
Books
 b - a book of Changes

   Spells                             Type                      Level
   a - Beastly Appendage              Transmutation                1
   b - Sticks to Snakes               Transmutation                2
   c - Spider Form                    Transmutation/Poison         3
   d - Ice Form                       Ice/Transmutation            4
   e - Blade Hands                    Transmutation                5
 o - a book of Necromancy

   Spells                             Type                      Level
   a - Pain                           Necromancy                   1
   b - Animate Skeleton               Necromancy                   1
   c - Vampiric Draining              Necromancy                   3
   d - Regeneration                   Charms/Necromancy            3
   e - Animate Dead                   Necromancy                   4
 q - a book of Conjurations

   Spells                             Type                      Level
   a - Magic Dart                     Conjuration                  1
   b - Searing Ray                    Conjuration                  2
   c - Dazzling Spray                 Conjuration/Hexes            3
   d - Fulminant Prism                Conjuration/Hexes            4
   e - Force Lance                    Conjuration/Translocation    4
   f - Iskenderun's Mystic Blast      Conjuration                  4
Comestibles
 c - 6 rations
 n - 5 chunks of flesh


   Skills:
 - Level 1.1(0.6) Fighting
 + Level 3.9(3.4) Dodging
 + Level 8.0(7.4) Unarmed Combat
 - Level 2.0(1.5) Spellcasting
 + Level 7.1(6.5) Transmutations
 - Level 5.0(4.5) Poison Magic


You had 7 spell levels left.
You knew the following spells:

 Your Spells              Type           Power        Failure   Level  Hunger
a - Beastly Appendage     Tmut           ###...       1%          1    ##.....
b - Spider Form           Tmut/Pois      ###.......   3%          3    ####...


Dungeon Overview and Level Annotations

Branches:
Dungeon (8/15)             Temple (1/1) D:6
   Lair: D:8-11

Altars:
Ashenzari
Cheibriados
Dithmenos
Elyvilon
Fedhas
Gozag
Hepliaklqana
Kikubaaqudgha
Makhleb
Nemelex Xobeh
Okawaru
Qazlal
Ru
Sif Muna
Trog
Uskayaw
Vehumet
Wu Jian
Yredelemnul
Zin
The Shining One

Shops:
D:2 *   D:7 %

Annotations:
D:3 Paulus's ghost, amateur GrSk


Innate Abilities, Weirdness & Mutations

You can breathe blasts of noxious fumes.
Your lurid green scales are hard. (AC +6)
You cannot fit into any form of body armour.
Your system is resistant to poisons. (rPois)
You are cold-blooded and may be slowed by cold attacks.
You have a pair of horns on your head.


Message History

You hit the centaur.
The centaur is heavily wounded.
The centaur closely misses you.
The centaur seems less confused.
The centaur closely misses you.
You punch the centaur!
The centaur is almost dead.
The centaur barely misses you.
The centaur hits you but does no damage.
You closely miss the centaur.
The centaur is almost dead.
The centaur hits you.
* * * LOW HITPOINT WARNING * * *
You hit the centaur but do no damage.
Your tail-slap misses the centaur.
The centaur is almost dead.
The centaur hits you!
* * * LOW HITPOINT WARNING * * *
You barely miss the centaur.
The centaur is almost dead.
The centaur hits you!
You die...

###.#.##....# #...#......
....#.##.##.##### ###.#......
###.#.##........#########........
...>.............................
###.###########.##.####..##.####.
#.#.(.....(.#.#...# ##.........
#.#.#######.......# #.##.###..
#.#.# ..#..c....# #...... {#.#.#
#.#...@...# #....### #...#
#.#.......####..... #####
#.#####.........#
#(.()))..######.# # ########(#
#.########.#####..
#....)............
##########.#####.#
...##.........#


You could see a centaur.

Vanquished Creatures
  A water moccasin (D:7)
  An orc warrior (D:8)
  3 ice beasts
  2 phantoms (D:5)
  2 centaurs
  A big kobold (D:8)
  A bullfrog (D:8)
  A wyvern skeleton (D:7)
  4 wights (D:8)
  A howler monkey (D:4)
  A crimson imp (D:6)
  2 hounds
  3 orc priests
  A bullfrog skeleton (D:7)
  A gnoll shaman (D:7)
  An iguana (D:6)
  5 orc wizards
  5 worker ants
  A hound skeleton (D:4)
  4 gnolls (D:7)
  6 adders
  2 shadow imps (D:7)
  3 oozes
  2 adder skeletons
  3 worms
  2 dart slugs (D:2)
  3 leopard geckos
  20 orcs
  4 giant cockroaches
  5 goblins
  9 hobgoblins
  3 jackals (D:4)
  A quokka (D:6)
  2 ball pythons (D:1)
  6 bats
  7 frilled lizards
  13 kobolds
  A quokka skeleton (D:7)
  2 rats (D:2)
  A bush (D:2)
136 creatures vanquished.

Vanquished Creatures (others)
  5 fungi (D:4)
  6 toadstools (D:4)
11 creatures vanquished.

Grand Total: 147 creatures vanquished

Notes
Turn   | Place    | Note
-------+----------+-------------------------------------------
     0 | D:1      | KristoblXynda the Draconian Transmuter began the quest for the Orb.
     0 | D:1      | Reached XP level 1. HP: 16/16 MP: 3/3
   250 | D:1      | Reached XP level 2. HP: 7/23 MP: 3/5
  1104 | D:2      | Reached XP level 3. HP: 28/28 MP: 6/6
  1754 | D:2      | Found an opulent altar of Gozag.
  1757 | D:2      | Found Gozag's Platinum Reserve.
  1790 | D:2      | Reached skill level 4 in Unarmed Combat
  2423 | D:3      | Reached XP level 4. HP: 35/35 MP: 7/7
  2616 | D:3      | Noticed Paulus's ghost (amateur GrSk)
  2636 | D:3      | Learned a level 3 spell: Spider Form
  2824 | D:3      | Found a stormy altar of Qazlal.
  2907 | D:4      | Reached XP level 5. HP: 36/40 MP: 8/8
  3056 | D:4      | Found an ancient bone altar of Kikubaaqudgha.
  3065 | D:4      | Reached skill level 5 in Unarmed Combat
  3255 | D:4      | Found a shattered altar of Ashenzari.
  3293 | D:4      | Found a shattered altar of Ashenzari.
  3352 | D:4      | Became a worshipper of Ashenzari the Shackled
  3379 | D:4      | Found a hide-covered altar of Uskayaw.
  3385 | D:4      | Found a glowing golden altar of the Shining One.
  3386 | D:4      | Found a white marble altar of Elyvilon.
  3386 | D:4      | Found a burning altar of Makhleb.
  3798 | D:4      | Reached XP level 6. HP: 24/47 MP: 9/9
  4201 | D:4      | Reached skill level 1 in Poison Magic
  4971 | D:5      | Entered Level 5 of the Dungeon
  5104 | D:5      | Found a snail-covered altar of Cheibriados.
  5317 | D:5      | Reached skill level 6 in Unarmed Combat
  5317 | D:5      | Your scales start taking on a lurid green colour.
  5317 | D:5      | Reached XP level 7. HP: 32/52 MP: 10/10
  5317 | D:5      | Gained mutation: Your system is resistant to poisons. (rPois) [Green Draconian growth]
  5493 | D:5      | Found a radiant altar of Vehumet.
  5664 | D:5      | Reached skill level 5 in Transmutations
  6760 | D:6      | Found a staircase to the Ecumenical Temple.
  6815 | Temple   | Entered the Ecumenical Temple
  7053 | D:6      | Reached XP level 8. HP: 28/59 MP: 9/11
  7548 | D:6      | Reached * piety under Ashenzari
  7715 | D:7      | Found Cybec's Food Boutique.
  7728 | D:7      | Reached skill level 5 in Poison Magic
  7854 | D:7      | Reached skill level 7 in Unarmed Combat
  7896 | D:7      | Found a hazy altar of Hepliaklqana.
  8279 | D:7      | Found a bloodstained altar of Trog.
  8331 | D:7      | Got the whip of Ointment {flame, rC+}
  8333 | D:7      | Identified the +8 whip of Ointment {flame, rC+} (You found it on level 7 of the Dungeon)
  9433 | D:8      | Reached skill level 8 in Unarmed Combat
  9508 | D:8      | Slain by a centaur

Vault maps used:
D:1:      zelgadis_glass_arrival_small, minmay_box_of_dots
D:2:      minmay_wonky_spiral, nicolae_gozag_zags_fifth_avenue, serial_forest,
          infiniplex_forest_lined_room_3, infiniplex_forest_clump_tiny,
          infiniplex_forest_lined_3, infiniplex_forest_lined_3,
          infiniplex_forest_clump_cross, minmay_split_cup_small
D:3:      cheibrodos_old_hovel, grunt_qazlal_sundering
D:4:      cheibrodos_fertilizer, kennysheep_little_box, minitemple,
          ashenzari_conservatory_becter, first_ration, ashenzari_altar_1
D:5:      lemuel_doored_altar, vehumet_crystals
D:6:      temple_statues, kennysheep_generic_room_14
D:7:      bloody_trog, lemuel_round_altar, serial_shops, shop, nrook_uturn,
          nrook_mini_vaults
D:8:      lair_entry_dummy, hangedman_little_slice_of_home, okawaru_humans
Temple:   dpeg_three_leaves_temple

Skill      XL: |  1  2  3  4  5  6  7  8 |
---------------+-------------------------+-----
Dodging        | 2 3 |  3.9
Transmutations | 3 4 5 7 |  7.1
Unarmed Combat | 4 5 6 8 |  8.0
Poison Magic   | 3 4 5 |  5.0
Fighting       | |  1.1
Spellcasting   | |  2.0

Action                   |  1- 3 |  4- 6 |  7- 9 || total
-------------------------+-------+-------+-------++-------
Melee: Unarmed           |    89 |   194 |   255 ||   538
       Tailslap          |    23 |    21 |    32 ||    76
       Kick              |     2 |     1 |    10 ||    13
       Punch             |     4 |     3 |    11 ||    18
       Dagger            |    64 |    52 |       ||   116
       Headbutt          |       |     4 |    27 ||    31
 Cast: Beastly Appendage |     3 |     5 |    16 ||    24
       Spider Form       |       |     3 |       ||     3
Invok: Curse Item        |       |       |     4 ||     4
 Abil: Breathe Noxious F |       |       |     6 ||     6
Evoke: Wand              |       |       |     3 ||     3
  Use: Scroll            |       |     4 |     6 ||    10
       Potion            |       |     3 |     2 ||     5
 Stab: Sleeping          |     7 |     2 |     3 ||    12
       Distracted        |       |     3 |       ||     3
       Confused          |       |       |     4 ||     4
  Eat: Chunk             |     1 |     7 |     3 ||    11
       Ration            |     1 |     1 |     4 ||     6
Armor: Skin              |    30 |    63 |    53 ||   146
Dodge: Dodged            |    67 |   166 |   148 ||   381

Table legend:
 A = Spawn XP
 B = Non-spawn XP
 C = Spawn XP percentage of total XP
 D = Spawn monster count
 E = Non-spawn monster count
 F = Spawn count percentage of total count
 G = Total turns spent on level
                    A         B        C        D         E        F      G
               +---------+---------+-------+---------+---------+-------+---------
         Total |       0 |    2767 |   0.0 |       0 |     135 |   0.0 |  9508
               +---------+---------+-------+---------+---------+-------+---------
           D:1 |       0 |      27 |   0.0 |       0 |      16 |   0.0 |  1061
           D:2 |       0 |      69 |   0.0 |       0 |      17 |   0.0 |  1357
           D:3 |       0 |      74 |   0.0 |       0 |      14 |   0.0 |   474
           D:4 |       0 |     482 |   0.0 |       0 |      35 |   0.0 |  2079
           D:5 |       0 |     546 |   0.0 |       0 |      16 |   0.0 |  1404
           D:6 |       0 |     342 |   0.0 |       0 |       7 |   0.0 |  1248
           D:7 |       0 |     555 |   0.0 |       0 |      17 |   0.0 |  1226
           D:8 |       0 |     672 |   0.0 |       0 |      13 |   0.0 |   575
               +---------+---------+-------+---------+---------+-------+---------
